 Dungeon Crawl Stone Soup version 0.29.1-13-g9f3cf754e1 (webtiles) character file.

Game seed: 5730861452644851910

14963 cowcol the Spear-Bearer (level 11, -9/84 HPs)
             Began as a Minotaur Monk on Jan 22, 2023.
             Was a Priest of Hepliaklqana.
             Mangled by a black draconian knight
             ... wielding a +1 great sword
              (19 damage)
             ... on level 3 of the Abyss.
             The game lasted 00:40:38 (14213 turns).

cowcol the Spear-Bearer (Minotaur Monk)            Turns: 14213, Time: 00:40:40

Health: -9/84      AC: 16    Str: 22    XL:     11   Next: 95%
Magic:  10/10      EV: 14    Int:  7    God:    Hepliaklqana [***...]
Gold:   1935       SH:  0    Dex: 17    Spells: 10/10 levels left

rFire   + + .      SeeInvis .   i - +8 bardiche of Hubris {drain, Str+4 Dex+2 Stlth+}
rCold   . . .      Faith    +   (shield currently unavailable)
rNeg    + . .      Spirit   .   V - +2 fire dragon scales of Quantum Leap {rF++ rC- rN+}
rPois   .          Reflect  .   h - +1 hat
rElec   .          Harm     .   M - +0 cloak
rCorr   +          Rampage  .   B - -1 pair of gloves "Velisil" {rCorr Stlth+}
Will    .....                   (no boots)
Stlth   +++.......              H - amulet of faith
HPRegen 0.24/turn               D - ring of protection from cold
MPRegen 0.12/turn               e - ring of resist corrosion

@: about to teleport, slowed, studying Armour, invisible, very slow
A: reduced essence, horns 2, retaliatory headbutt, sense surroundings 1
a: Renounce Religion, Recall Ancestor, Ancestor Identity, Transference


You were on level 3 of the Abyss.
You worshipped Hepliaklqana.
Hepliaklqana was most pleased with you.
You visited 2 branches of the dungeon, and saw 11 of its levels.
You visited the Abyss 1 time.
You also visited: Bailey.

You collected 1935 gold pieces.

Inventory:

Hand Weapons
 a - a +0 hand axe
 i - the +8 bardiche of Hubris (weapon) {drain, Str+4 Dex+2 Stlth+}
   (You acquired it on level 1 of the Dungeon)

   A truly terrible weapon, it drains the life of any living foe it strikes.
   Str:       It affects your strength (+4).
   Dex:       It affects your dexterity (+2).
   Stlth:     It makes you more stealthy.
 k - a +2 war axe
 n - a +2 short sword of freezing
 F - a +0 spear
 J - a +0 falchion
 K - a +0 broad axe
 R - a +11 battleaxe
 U - a +2 battleaxe of freezing
Missiles
 l - 24 poisoned darts
 C - 29 boomerangs
 E - 4 throwing nets
 L - 5 silver javelins (quivered)
Armour
 b - a +0 robe
 f - a +0 ring mail
 h - a +1 hat (worn)
 s - a +1 chain mail
 B - the -1 pair of gloves "Velisil" (worn) {rCorr Stlth+}
   (You found it on level 4 of the Dungeon)

   rCorr:     It protects you from acid and corrosion.
   Stlth:     It makes you more stealthy.
 M - a +0 cloak (worn)
 P - +0 steam dragon scales
 S - a +0 plate armour
 T - a +0 troll leather armour
 V - the +2 fire dragon scales of Quantum Leap (worn) {rF++ rC- rN+}
   (You found it in a bailey)

   rF:        It greatly protects you from fire.
   rC:        It makes you vulnerable to cold.
   rN:        It protects you from negative energy.
Jewellery
 e - a ring of resist corrosion (right hand)
 t - a ring of flight
 D - a ring of protection from cold (left hand)
 H - an amulet of faith (around neck)
Wands
 o - a wand of polymorph (11)
 I - a wand of roots (2)
 X - a wand of paralysis (2)
Scrolls
 g - 2 scrolls of immolation
 m - a scroll of fog
 y - 2 scrolls of poison
 A - 3 scrolls of teleportation
 Q - a scroll of fear
Potions
 d - a potion of might
 j - a potion of attraction {unknown}
 q - a potion of berserk rage {unknown}
 r - a potion of flight
 u - 2 potions of resistance {unknown}
 w - a potion of invisibility
 x - 3 potions of haste
 z - 4 potions of brilliance
 G - a potion of mutation
 W - a potion of cancellation {unknown}


   Skills:
 + Level 7.9 Fighting
 - Level 0.5(5.5) Short Blades
 * Level 9.7 Long Blades
 + Level 4.0(10.0) Axes
 + Level 14.1(14.4) Polearms
 + Level 3.8 Throwing
 + Level 10.9 Armour
 * Level 9.2 Dodging
 + Level 2.7 Stealth
 + Level 0.3 Evocations


You had 10 spell levels left.
You didn't know any spells.
Your spell library contained the following spells:

 Spells                   Type           Power      Damage    Failure   Level
 Freeze                   Ice            0%         1d3       75%         1
 Frozen Ramparts          Ice            0%         1d1       98%         3
 Ignite Poison            Fire/Tmut/Pois 0%         N/A       98%         3
 Mephitic Cloud           Conj/Pois/Air  0%         N/A       98%         3
 Hailstorm                Conj/Ice       0%         3d3       100%        4
 Freezing Cloud           Conj/Ice/Air   0%         6-21      100%        5
 Summon Forest            Summ/Tloc      0%         N/A       100%        5
 Summon Mana Viper        Hex/Summ       0%         N/A       100%        5
 Summon Cactus Giant      Summ           0%         N/A       100%        6


Dungeon Overview and Level Annotations

Branches:
Dungeon (10/15)            Temple (1/1) D:4            Lair (0/5) D:10
    Orc (0/2) D:10         Bailey (visited)

Altars:
Ashenzari
Cheibriados
Dithmenos
Elyvilon
Fedhas
Gozag
Hepliaklqana
Kikubaaqudgha
Makhleb
Nemelex Xobeh
Okawaru
Qazlal
Ru
Sif Muna
Trog
Uskayaw
Vehumet
Wu Jian
Xom
Yredelemnul
Zin
The Shining One

Annotations:
D:5 2 transporters, cowcol's ghost, novice MiMo
D:10 xian's ghost, journeyman DsFE


Innate Abilities, Weirdness & Mutations

Your life essence is reduced to manifest your ancestor. (-10% HP)
You have a pair of horns on your head.
You reflexively headbutt those who attack you in melee.
You passively map a small area around you.


Message History

You are poisoned.
You feel yourself slow down.
You feel very sick.
The death drake bites you but does no damage.
The black draconian knight breathes lightning at you.
The bolt of lightning hits you!! The bolt of lightning misses you.
The bolt of lightning hits the black draconian knight.
The black draconian knight completely resists.
You feel very sick.
The black draconian knight hits you with a +1 great sword!!
* * * LOW HITPOINT WARNING * * *
The death drake closely misses you. You furiously retaliate!
You headbutt the death drake!
You hit the black draconian knight but do no damage.
You drain the black draconian knight.
You headbutt the black draconian knight, but do no damage.
The black draconian knight is lightly wounded.
* * * LOW HITPOINT WARNING * * *
You feel very sick.
The death drake bites you but does no damage.
The black draconian knight casts a spell.
The black draconian knight seems to speed up.
The death drake bites you!
* * * LOW HITPOINT WARNING * * *
The black draconian knight closely misses you.
You furiously retaliate!
You headbutt the black draconian knight, but do no damage.
You feel better.
The black draconian knight casts a spell.
The black draconian knight flickers and vanishes!
Deactivating autopickup; reactivate with Ctrl-A.
The death drake closely misses you. Something barely misses you.
The death drake bites you but does no damage.
You fade into invisibility!
Something hits you.
* * * LOW HITPOINT WARNING * * *
The death drake misses you.
A cacodemon comes into view.
Something hits you!!
You die...

## #. # #.
.##... #.#.
#.... #
.#..# #
##.##
#..#..°#
#.xk###
#°°#@#..
#..#x##{2..#
##.## #####


You could see a cacodemon, a death drake (unable to see you) and a small
abomination (unable to see you).

Vanquished Creatures
  Gastronok (D:8)
  An orc warlord (Bailey)
  3 two-headed ogres
  Amaemon (D:8)
  Pikel (D:6)
  A manticore (D:10)
  Maurice (D:8)
  Maggie (D:6)
  An orange demon (D:8)
  A gargoyle (D:8)
  A troll (D:10)
  Prince Ribbit (D:6)
  3 wyverns
  10 yaks
  A hog (D:10)
  2 wraiths (D:9)
  A hog (shapeshifter) (D:10)
  Eustachio (D:4)
  A steam dragon (D:9)
  4 water moccasins
  5 orc warriors
  3 ice beasts
  A meliai simulacrum (D:10)
  2 sky beasts
  6 ogres (D:10)
  4 centaurs
  3 lemures (D:6)
  2 phantoms
  2 kobold brigands
  2 bullfrogs (D:6)
  A gnoll sergeant (D:9)
  4 necrophages
  A scorpion (D:5)
  2 killer bees (D:10)
  A howler monkey (D:9)
  4 hounds
  A quasit (Abyss:2)
  3 orc priests
  3 gnoll boudas
  2 jellies
  Jessica (D:2)
  3 iguanas (D:7)
  4 orc wizards
  Robin (D:2)
  14 gnolls
  9 adders
  A shadow imp (D:7)
  3 white imps
  3 worms
  A dart slug (D:2)
  18 orcs
  5 ball pythons
  5 bats
  9 endoplasms
  2 giant cockroaches (D:3)
  20 goblins
  8 hobgoblins
  A quokka (D:4)
  3 frilled lizards (D:1)
  11 kobolds
  3 rats
214 creatures vanquished.

Vanquished Creatures (collateral kills)
  A large abomination (Abyss:3)
  3 yaks (D:10)
  A basilisk (D:10)
  A wyvern (D:10)
  An orc warrior (Bailey)
  A black bear (D:10)
  An ogre (D:10)
  A small abomination (Abyss:3)
  4 killer bees
  An orc wizard (D:9)
  5 gnolls
  5 orcs
  2 goblins (D:10)
  12 kobolds
39 creatures vanquished.

Vanquished Creatures (others)
  5 battlemagi
  A goblin (D:2)
  A demonic plant (Abyss:2)
7 creatures vanquished.

Grand Total: 260 creatures vanquished

Notes
Turn   | Place    | Note
-------+----------+-------------------------------------------
     0 | D:1      | cowcol the Minotaur Monk began the quest for the Orb.
     0 | D:1      | Reached XP level 1. HP: 19/19 MP: 0/0
   219 | D:1      | Reached XP level 2. HP: 27/27 MP: 1/1
   514 | D:1      | Identified a scroll of acquirement
   514 | D:1      | Acquired the +8 bardiche of Hubris {drain, Str+4 Dex+2
                  | Stlth+}
   728 | D:1      | Found a faded altar of an unknown god.
  1296 | D:2      | Noticed Jessica
  1301 | D:2      | Killed Jessica
  1302 | D:2      | Reached skill level 1 in Polearms
  1302 | D:2      | Reached XP level 3. HP: 33/33 MP: 2/2
  1315 | D:2      | Noticed Robin
  1321 | D:2      | Reached skill level 1 in Long Blades
  1325 | D:2      | Killed Robin
  1326 | D:2      | Reached XP level 4. HP: 34/40 MP: 3/3
  1334 | D:2      | Reached skill level 2 in Polearms
  2014 | D:2      | Found a white marble altar of Elyvilon.
  3122 | D:3      | Reached skill level 3 in Polearms
  3122 | D:3      | Reached XP level 5. HP: 46/46 MP: 4/4
  3458 | D:4      | Reached skill level 1 in Throwing
  3521 | D:4      | Found a staircase to the Ecumenical Temple.
  3537 | Temple   | Entered the Ecumenical Temple
  3753 | D:4      | Noticed Eustachio
  3764 | D:4      | Killed Eustachio
  3765 | D:4      | Reached skill level 4 in Polearms
  3765 | D:4      | Reached skill level 1 in Armour
  3765 | D:4      | Reached XP level 6. HP: 46/53 MP: 5/5
  3786 | D:4      | Reached skill level 5 in Polearms
  3801 | D:4      | Identified the -1 pair of gloves "Velisil" {rCorr Stlth+}
  4033 | D:5      | Entered Level 5 of the Dungeon
  4069 | D:5      | Reached XP level 7. HP: 60/60 MP: 6/6
  4085 | D:5      | Reached skill level 6 in Polearms
  4313 | D:5      | Reached skill level 7 in Polearms
  4658 | D:5      | Found a transporter.
  4688 | D:5      | Found a transporter.
  4692 | D:5      | Noticed cowcol's ghost (novice MiMo)
  4959 | D:6      | Reached XP level 8. HP: 49/67 MP: 7/7
  4973 | D:5      | Reached skill level 5 in Fighting
  4973 | D:5      | Reached skill level 5 in Dodging
  5163 | D:6      | Noticed Pikel
  5163 | D:6      | Noticed Prince Ribbit
  5169 | D:6      | Killed Pikel
  5170 | D:6      | Reached skill level 5 in Long Blades
  5170 | D:6      | Reached skill level 8 in Polearms
  5173 | D:6      | Killed Prince Ribbit
  5176 | D:6      | Reached skill level 9 in Polearms
  5677 | D:6      | Reached XP level 9. HP: 74/74 MP: 8/8
  5720 | D:6      | HP: 3/74 [poisoned by a kobold brigand (curare-tipped
                  | dart)]
  5973 | D:6      | Found a broken altar of Ashenzari.
  6050 | D:6      | Found a shadowy altar of Dithmenos.
  6128 | D:6      | Noticed Maggie
  6134 | D:6      | Killed Maggie
  6657 | D:7      | Reached skill level 10 in Polearms
  6868 | D:7      | Reached skill level 5 in Armour
  8516 | D:7      | Reached skill level 11 in Polearms
  8535 | D:8      | Noticed a two-headed ogre
  8540 | D:8      | Killed a two-headed ogre
  8541 | D:8      | Reached XP level 10. HP: 84/84 MP: 9/9
  8558 | D:8      | Found a bloodstained altar of Trog.
  8575 | D:8      | Found an opulent altar of Gozag.
  8595 | D:8      | Noticed Maurice
  8627 | D:8      | Found a burning altar of Makhleb.
  8643 | D:8      | Killed Maurice
  8665 | D:8      | Noticed Gastronok
  8688 | D:8      | Killed Gastronok
  8689 | D:8      | Reached skill level 12 in Polearms
  8817 | D:8      | Noticed an orange demon
  8818 | D:8      | Noticed Amaemon
  8826 | D:8      | Killed an orange demon
  8830 | D:8      | Killed Amaemon
  9501 | D:8      | Noticed a gargoyle
  9504 | D:8      | Found a faded altar of an unknown god.
  9512 | D:8      | Killed a gargoyle
  9975 | D:8      | Found a hazy altar of Hepliaklqana.
  9983 | D:8      | Became a worshipper of Hepliaklqana the Forgotten
  9983 | D:8      | Reached * piety under Hepliaklqana
  9983 | D:8      | Reached ** piety under Hepliaklqana
  9984 | D:8      | Remembered your ancestor Preben as a battlemage
 10174 | D:9      | Reached XP level 11. HP: 82/82 MP: 10/10
 10522 | D:9      | Reached skill level 13 in Polearms
 10619 | D:9      | Noticed a two-headed ogre
 10623 | D:9      | Killed a two-headed ogre
 10932 | D:9      | Reached *** piety under Hepliaklqana
 11194 | D:10     | Entered Level 10 of the Dungeon
 11238 | D:10     | Found a flagged portal.
 11239 | D:10     | Noticed a two-headed ogre
 11253 | D:10     | Killed a two-headed ogre
 11254 | D:10     | Reached skill level 10 in Armour
 11269 | D:10     | Found a runed translucent gate.
 11273 | Bailey   | Entered a bailey
 11306 | Bailey   | Noticed an orc warlord
 11845 | Bailey   | Found a runed translucent gate.
 11845 | Bailey   | Found a runed translucent gate.
 11870 | Bailey   | Found a runed translucent gate.
 12009 | Bailey   | Killed an orc warlord
 12037 | Bailey   | Identified the +2 fire dragon scales of Quantum Leap {rF++
                  | rC- rN+}
 12226 | Bailey   | Acquired 1018 gold pieces
 12239 | D:10     | Found a runed translucent gate.
 12240 | D:10     | Found a runed translucent gate.
 12240 | D:10     | Found an opulent altar of Gozag.
 12253 | D:10     | Noticed xian's ghost (journeyman DsFE)
 13401 | D:10     | Found a staircase to the Lair.
 13416 | D:10     | Reached skill level 14 in Polearms
 13642 | D:10     | Noticed Lodul
 13642 | D:10     | Paralysed by Lodul for 5 turns
 13663 | D:10     | Noticed Lodul
 13663 | D:10     | Lodul changed into Lodul the hog
 13666 | D:10     | Killed Lodul the hog
 14097 | Abyss:2  | Noticed a starflower
 14097 | Abyss:2  | Noticed a starflower
 14097 | Abyss:2  | Cast into level 2 of the Abyss (xian's ghost)
 14098 | Abyss:2  | Noticed a starflower
 14098 | Abyss:2  | Noticed a starflower
 14107 | Abyss:2  | Gained mutation: You passively map a small area around you.
                  | [potion of mutation]
 14204 | Abyss:3  | Noticed a death drake
 14207 | Abyss:3  | Noticed a black draconian knight
 14213 | Abyss:3  | Noticed a cacodemon
 14213 | Abyss:3  | Mangled by a black draconian knight

Illustrated notes

Levels and vault maps discovered:
D:1:      scummos_arrival_simple_fountains, layout_loops_ring,
          ebering_ecumenical_altar_abandoned, minmay_misc_feat_square
D:2:      layout_basic, basic_altar, uniq_robin, uniq_jessica
D:3:      layout_basic
D:4:      layout_rooms, minmay_temple_entry_drinking_statues, uniq_eustachio
D:5:      layout_basic, gammafunk_ghost_stat_death
D:6:      layout_rooms, grunt_dithmenos_smoke_and_mirrors,
          nicolae_ashenzari_panopticon, uniq_prince_ribbit1, uniq_maggie,
          uniq_pikel
D:7:      layout_basic, minmay_checkerbox
D:8:      layout_gridville, makhleb_altar_promises_db,
          beargit_hepliaklqana_dungeon_heroes, kennysheep_mini_moat,
          mainiacjoe_overflow_concentric_impassable,
          hangedman_abyss_or_decor_jellyfish_corner, uniq_gastronok,
          uniq_amaemon, uniq_maurice
D:9:      layout_irregular_city
D:10:     layout_basic, david_lair_generic, david_orc_5, enter_bailey_5,
          ebering_ghost_gozag, uniq_sonja, uniq_lodul
Temple:   nicolae_temple_elliptical
Abyss:3:  base:
Temple

Skill      XL: |  1  2  3  4  5  6  7  8  9 10 11 |
---------------+----------------------------------+-----
Fighting       | 4 5 6 7 |  7.9
Axes           | 4 |  4.0
Polearms       | 1 3 4 5 7 9 11 12 14 | 14.1
Long Blades    | 1 2 3 5 7 8 9 |  9.7
Dodging        | 4 5 7 8 9 |  9.2
Throwing       | 1 2 3 |  3.8
Stealth        | 2 |  2.7
Armour         | 1 2 4 6 8 10 | 10.9
Short Blades   | |  0.5
Evocations     | |  0.3

Action                   |  1- 3 |  4- 6 |  7- 9 | 10-12 || total
-------------------------+-------+-------+-------+-------++-------
Melee: Hand axe          |    34 |       |       |       ||    34
       Headbutt          |     5 |     5 |    12 |    18 ||    40
       Bardiche          |    19 |    82 |   132 |   145 ||   378
Throw: Stone             |     6 |     5 |       |       ||    11
       Dart              |       |    19 |     6 |    12 ||    37
       Javelin           |       |       |    14 |    13 ||    27
       Boomerang         |       |       |     1 |       ||     1
Invok: Ancestor Life: Ba |       |       |       |     1 ||     1
       Recall Ancestor   |       |       |       |     2 ||     2
Evoke: Wand              |       |       |       |     4 ||     4
  Use: Scroll            |     5 |     2 |     4 |    12 ||    23
       Potion            |       |       |     3 |    15 ||    18
 Stab: Sleeping          |     5 |     2 |       |     1 ||     8
       Distracted        |       |       |       |     3 ||     3
Armor: Robe              |    12 |       |       |       ||    12
       Ring mail         |     6 |     8 |       |       ||    14
       Chain mail        |       |    21 |    71 |    65 ||   157
       Fire dragon scale |       |       |       |    18 ||    18
Dodge: Dodged            |    27 |    37 |    75 |   112 ||   251
